 Dungeon Crawl Stone Soup version 0.21-a0-444-g29a2fec (webtiles) character file.

291 theanonym the Chopper (level 6, -2/56 HPs)
             Began as a Hill Orc Fighter on Nov 17, 2017.
             Slain by Menkaure (8 damage)
             ... on level 4 of the Dungeon.
             The game lasted 00:04:08 (2794 turns).

theanonym the Chopper (Hill Orc Fighter)            Turns: 2794, Time: 00:04:08

Health: -2/56      AC:  8    Str: 26    XL:     6   Next: 32%
Magic:  6/6        EV:  7    Int:  8    God:
Gold:   94         SH: 10    Dex: 10    Spells: 5/5 levels left

rFire    . . .     SeeInvis .   a - +0 war axe
rCold    . . .     Gourm    .   c - +1 shield
rNeg     . . .     Faith    .   b - +0 scale mail
rPois    .         Spirit   .   (no helmet)
rElec    .         Reflect  .   (no cloak)
rCorr    .         Harm     .   o - +0 pair of gloves
MR       .....                  (no boots)
Stlth    ..........             (no amulet)
HPRegen  0.18/turn              (no ring)
MPRegen  0.10/turn              (no ring)

@: mighty
A: no striking features
a: no special abilities


   Skills:
 + Level 5.5 Fighting
 * Level 7.1 Axes
 - Level 3.2 Armour
 - Level 3.2 Shields


You had 5 spell levels left.
You didn't know any spells.

Skill      XL: |  1  2  3  4  5  6 |
---------------+-------------------+-----
Axes           | 3 4 6 7 |  7.1
Fighting       | 4 5 |  5.5
Armour         | |  3.2
Shields        | |  3.2

Action                   |  1- 3 |  4- 6 || total
-------------------------+-------+-------++-------
Melee: War axe           |   111 |    62 ||   173
  Use: Scroll            |       |     4 ||     4
       Potion            |       |     1 ||     1
  Eat: Chunk             |     2 |     3 ||     5
Armor: Scale mail        |    55 |    31 ||    86
Dodge: Dodged            |    45 |    14 ||    59
Block: Shield            |    67 |    25 ||    92

Inventory:

Hand Weapons
 a - a +0 war axe (weapon)
Missiles
 g - 3 tomahawks of returning (quivered)
Armour
 b - a +0 scale mail (worn)
 c - a +1 shield (worn)
 o - a +0 pair of gloves (worn)
   (You found it on level 3 of the Dungeon)
Wands
 k - a wand of flame (8/48)
   (You found it on level 2 of the Dungeon)
Scrolls
 i - 5 scrolls of remove curse
 j - a scroll of enchant armour
 l - a scroll of fog {unknown}
 q - a scroll of teleportation {unknown}
 r - a scroll of identify
Potions
 d - a potion of might
 e - a potion of resistance
 n - a potion of cancellation
Comestibles
 f - a bread ration
 h - 3 royal jellies
 m - 2 fruits
 p - 3 meat rations

Dungeon Overview and Level Annotations

Branches:
Dungeon (4/15)
 Temple: D:4-7

Altars:
Nemelex Xobeh

Annotations:
D:4 Menkaure


You were on level 4 of the Dungeon.
You were very hungry.

You visited 1 branch of the dungeon, and saw 4 of its levels.

You collected 94 gold pieces.


Message History

The hound skeleton bites you but does no damage.
You block the hound skeleton's attack.
Your scale mail prevents you from hitting the hound skeleton.
You block the hound skeleton's attack. x2
You slash the hound skeleton!
You destroy the hound skeleton!
Your Axes skill increases to level 7!
No target in view!
No target in view!
Found a stone staircase leading down.
You are feeling very hungry.
Unknown command.
i - 5 scrolls of remove curse (gained 1)
r - a fuming inky potion You now have 94 gold pieces (gained 5).
An iguana comes into view.
The iguana hisses angrily.
You hear a bark!
The iguana moves out of view.
Found an escape hatch in the ceiling.
A hound comes into view.
A hound is nearby!
Found a stone staircase leading down.
Menkaure, Prince of Dust comes into view.
Menkaure shouts!
Menkaure gestures wildly while chanting.
Menkaure seems to speed up.
You hear a shout! x2
Found a white potion.
Okay, then.
Unknown command.
As you read the scroll labeled FAIMAC FOUST, it crumbles to dust.
It is a scroll of identify.
n - a potion of cancellation;
r - 2 scrolls of identify
e - a fuming inky potion Menkaure rustles, "Let me perform the rites..."
Menkaure moves out of view.
A phantom comes into view.
As you read the scroll of identify, it crumbles to dust.
e - a potion of resistance The hound bites you but does no damage.
The phantom moves out of view.
The hound bites you.
You take 3 damage, and have 53/56 hp.
Okay, then.
Unknown command.
You hit the hound.
Menkaure calls on the powers of darkness!
The iguana convulses!
The hound convulses!
Your body is wracked with pain!
* * * LOW HITPOINT WARNING * * *
The hound bites you but does no damage.
A gnoll comes into view. It is wielding a halberd.
You take 25 damage, and have 28/56 hp.
MASSIVE DAMAGE!!
You feel very mighty all of a sudden. The hound bites you but does no damage.
The gnoll moves out of view.
You block the hound's attack.
You slash the hound!
You kill the hound!
A giant cockroach comes into view.
You closely miss the iguana. You block the iguana's attack.
The giant cockroach moves out of view.
The iguana barely misses you.
A gnoll comes into view. It is wielding a spear.
You closely miss the iguana.
The gnoll shouts!
Menkaure calls on the powers of darkness!
The iguana convulses!
The gnoll convulses!
Your body is wracked with pain!
* * * LOW HITPOINT WARNING * * *
The giant cockroach convulses! x2; The gnoll convulses!
You block the iguana's attack.
The phantom blinks!
A giant cockroach comes into view.
You take 13 damage, and have 15/56 hp.
MASSIVE DAMAGE!!
You barely miss the iguana. You block the gnoll's attack.
The iguana bites you but does no damage.
The phantom blinks!
A gnoll shaman comes into view. It is wielding a club.
You slash the iguana!
You kill the iguana!
You block the gnoll's attack. You block the giant cockroach's attack.
You barely miss the giant cockroach.
The gnoll hits you from afar with a halberd!
* * * LOW HITPOINT WARNING * * *
The giant cockroach barely misses you.
Menkaure calls on the powers of darkness!
The gnoll convulses!
The giant cockroach convulses!
Your body is wracked with pain!
* * * LOW HITPOINT WARNING * * *
The gnoll convulses!
The phantom blinks!
You take 12 damage, and have 4/56 hp.
MASSIVE DAMAGE!!
Okay, then.
A gnoll comes into view. It is wielding a flail.
The gnoll shouts!
The giant cockroach bites you but does no damage.
As you read the scroll labeled JAICAO HUYKU, it crumbles to dust.
It is a scroll of enchant armour.
Your +0 shield glows green for a moment.
The giant cockroach bites you but does no damage.
You slash the giant cockroach!
You kill the giant cockroach!
You slash Menkaure! You slash the giant cockroach!
You kill the giant cockroach!
Menkaure hits you!
You die...

.. ..#
#g#..# g...#
#†#.# #.#.#
#.g.# #
##g.#
#.##†.#
#..@M.#
#####.##
#.#####..###
#..........+
...####....#
##...+
###...#
#.....# #
###+##..#.#
##


You could see Menkaure, a gnoll shaman and a gnoll.

Notes
Turn   | Place    | Note
-------+----------+-------------------------------------------
     0 | D:1      | theanonym the Hill Orc Fighter began the quest for the Orb.
     0 | D:1      | Reached XP level 1. HP: 19/19 MP: 1/1
    12 | D:1      | Reached skill level 3 in Axes
    27 | D:1      | Reached XP level 2. HP: 26/27 MP: 2/2
   285 | D:1      | Reached skill level 4 in Fighting
   365 | D:1      | Reached skill level 4 in Axes
   378 | D:1      | Reached XP level 3. HP: 32/33 MP: 3/3
  1563 | D:3      | Reached XP level 4. HP: 35/41 MP: 4/4
  1626 | D:3      | Noticed a phantom
  1659 | D:3      | HP: 19/41 [phantom (3)]
  1668 | D:3      | HP: 14/41 [phantom (6)]
  1669 | D:3      | Killed a phantom
  1669 | D:3      | Reached skill level 5 in Fighting
  1669 | D:3      | Reached skill level 6 in Axes
  1669 | D:3      | Reached XP level 5. HP: 16/48 MP: 5/5
  1689 | D:3      | Noticed Tux's ghost (amateur DEVM)
  1714 | D:3      | HP: 23/48 [poisoned by Tux's ghost (sting)]
  1722 | D:3      | HP: 21/48 [poisoned by Tux's ghost (sting)]
  1730 | D:3      | HP: 20/48 [poisoned by Tux's ghost (sting)]
  1735 | D:3      | HP: 19/48 [poisoned by Tux's ghost (sting)]
  1742 | D:3      | HP: 18/48 [poisoned by Tux's ghost (sting)]
  1750 | D:2      | HP: 18/48 [poisoned by Tux's ghost (sting)]
  1956 | D:3      | Killed Tux's ghost
  1961 | D:3      | HP: 24/48 [poisoned by Tux's ghost (sting)]
  1967 | D:3      | HP: 21/48 [poisoned by Tux's ghost (sting)]
  1973 | D:3      | HP: 19/48 [poisoned by Tux's ghost (sting)]
  1978 | D:3      | HP: 18/48 [poisoned by Tux's ghost (sting)]
  1986 | D:3      | HP: 17/48 [poisoned by Tux's ghost (sting)]
  2213 | D:3      | Reached XP level 6. HP: 53/56 MP: 6/6
  2261 | D:3      | Found a sparkling altar of Nemelex Xobeh.
  2739 | D:4      | Reached skill level 7 in Axes
  2777 | D:4      | Noticed Menkaure
  2779 | D:4      | Noticed a phantom
  2780 | D:4      | HP: 28/56 [??? (26)]
  2787 | D:4      | HP: 5/56 [gnoll/halberd (11)]
  2794 | D:4      | Slain by Menkaure

Vanquished Creatures
  A phantom (D:3)
  The ghost of Tux the Stinger, an amateur DEVM (D:3)
  A hound (D:4)
  An iguana (D:4)
  A worker ant (D:4)
  A hound skeleton (D:4)
  An adder (D:2)
  A worm (D:3)
  4 dart slugs
  A leopard gecko (D:1)
  An orc (D:3)
  4 bats
  3 giant cockroaches
  5 goblins
  3 hobgoblins
  9 jackals
  A quokka (D:3)
  5 kobolds
  A rat (D:1)
45 creatures vanquished.
